 Dungeon Crawl Stone Soup version 0.20-a0-1116-gaa52201 (webtiles) character file.

167 JeffiDaFish the Shield-Bearer (level 5, 0/33 HPs)
             Began as a Gargoyle Fighter on May 8, 2017.
             Slain by an ogre
             ... wielding a +0 giant club
              (17 damage)
             ... on level 4 of the Dungeon.
             The game lasted 00:08:01 (2869 turns).

JeffiDaFish the Shield-Bearer (Gargoyle Fighter)    Turns: 2869, Time: 00:08:02

Health: 0/33       AC: 17    Str: 20    XL:     5   Next: 48%
Magic:  5/5        EV:  4    Int:  8    God:
Gold:   251        SH:  9    Dex: 10    Spells: 4/4 levels left

rFire    . . .     SeeInvis .   q - +0 morningstar
rCold    . . .     Gourm    .   c - +0 shield
rNeg     + . .     Faith    .   m - +0 plate armour
rPois    ∞         Spirit   .   (no helmet)
rElec    +         Reflect  .   (no cloak)
rCorr    .         Harm     .   (no gloves)
MR       .....                  e - +1 pair of boots
Stlth    ..........             (no amulet)
Regen    0.2/turn               (no ring)
MPRegen  0.1/turn               (no ring)

@: no status effects
A: negative energy resistance 1, electricity resistance, unbreathing,
petrification resistance, rot immunity, AC +4
a: no special abilities


You were on level 4 of the Dungeon.
You were not hungry.

You visited 1 branch of the dungeon, and saw 4 of its levels.

You collected 251 gold pieces.

Inventory:

Hand Weapons
 a - a +1 flail
 q - a +0 morningstar (weapon)
Armour
 c - a +0 shield (worn)
 e - a +1 pair of boots (worn)
 m - a +0 plate armour (worn)
Scrolls
 b - 2 scrolls of recharging
 k - 5 scrolls of remove curse
 l - a scroll of identify
 o - a scroll of teleportation
Potions
 d - a potion of might
 j - a potion of agility
 n - a potion of haste
Comestibles
 f - 2 bread rations
 g - 5 meat rations
 i - 2 royal jellies
 p - 4 fruits


   Skills:
 + Level 3.8 Fighting
 + Level 3.4 Maces & Flails
 + Level 4.0 Armour
 + Level 0.8 Dodging
 + Level 0.5 Stealth
 + Level 4.5 Shields


You had 4 spell levels left.
You didn't know any spells.

Dungeon Overview and Level Annotations

Branches:
Dungeon (4/15)
 Temple: D:4-7

Altars:
Ashenzari
Dithmenos


Innate Abilities, Weirdness & Mutations

You are resistant to torment.
Your stone body is resilient. (AC +4)
You are immune to poison.
You resist negative energy. (rN+)
You are resistant to electric shocks. (rElec)
You can survive without breathing.
You are immune to petrification.
You are immune to rotting.


Message History

There is a stone staircase leading up here.
An ogre comes into view. It is wielding a giant club.
The ogre shouts!
Found a scroll of magic mapping.
The ogre barely misses you.
Your plate armour prevents you from hitting the ogre.
You block the ogre's attack.
Your plate armour prevents you from hitting the ogre.
The ogre hits you but does no damage.
You sock the ogre!
The ogre is moderately wounded.
The ogre hits you with a giant club!
You sock the ogre!
The ogre is severely wounded.
You block the ogre's attack.
You sock the ogre!
The ogre is almost dead.
The ogre hits you with a giant club!
Ouch! That really hurt!
You die...

#. .# ####. .#
....####.#####
#............
##............
#............?
#...$.O.......
#.....@....>..
#.............
#........>?...
#.$...........
##...<....(...
##.....#.(...
############


You could see an ogre.

Vanquished Creatures
  A hound (D:3)
  An orc wizard (D:3)
  2 adders (D:3)
  3 worms
  A dart slug (D:3)
  2 leopard geckos
  7 orcs (D:3)
  2 ball pythons (D:3)
  11 bats
  2 giant cockroaches (D:2)
  11 goblins
  10 hobgoblins
  3 jackals (D:1)
  A quokka (D:2)
  5 frilled lizards
  5 kobolds
  9 rats
76 creatures vanquished.

Notes
Turn   | Place    | Note
-------+----------+-------------------------------------------
     0 | D:1      | JeffiDaFish the Gargoyle Fighter began the quest for the Orb.
     0 | D:1      | Reached XP level 1. HP: 14/14 MP: 1/1
   291 | D:1      | Reached XP level 2. HP: 17/19 MP: 2/2
  1194 | D:2      | Reached XP level 3. HP: 23/23 MP: 3/3
  1350 | D:2      | Found a shadowy altar of Dithmenos.
  1982 | D:3      | Reached XP level 4. HP: 28/28 MP: 4/4
  2352 | D:3      | Reached XP level 5. HP: 31/33 MP: 5/5
  2733 | D:3      | Found a shattered altar of Ashenzari.
  2861 | D:4      | Noticed an ogre
  2869 | D:4      | Slain by an ogre

Vault maps used:
D:1:      dpeg_arrival_brainrot, grunt_decor_fettered, minmay_pentomino_o4
D:2:      lemuel_crystal_altar, first_bread
D:3:      cheibrodos_ashenzari_chains
D:4:      grunt_qazlal_clouds, marbit_many_paths, serial_shops, shop_coins,
          serial_bayou_lagoon_b, uniq_menkaure, uniq_ijyb

Skill      XL: |  1  2  3  4  5 |
---------------+----------------+-----
Shields        | 4 |  4.5
Maces & Flails | 3 |  3.4
Armour         | 4 |  4.0
Fighting       | |  3.8
Dodging        | |  0.8
Stealth        | |  0.5

Action                   |  1- 3 |  4- 6 || total
-------------------------+-------+-------++-------
Melee: Flail             |   201 |   125 ||   326
       Morningstar       |       |     5 ||     5
  Use: Scroll            |     9 |       ||     9
       Potion            |     3 |     2 ||     5
  Eat: Chunk             |     4 |     3 ||     7
Armor: Scale mail        |    38 |       ||    38
       Chain mail        |    53 |       ||    53
       Plate armour      |    37 |    69 ||   106
Dodge: Dodged            |    55 |    21 ||    76
Block: Shield            |   133 |    69 ||   202
